 Dungeon Crawl Stone Soup version 0.24-a0-499-g1074bba3cf (webtiles) character file.

Game seed: 16055852433081181456

7627 Inarius the Fighter (level 10, 0/80 HPs)
             Began as a Demonspawn Hunter on July 14, 2019.
             Was a Priest of Yredelemnul.
             Slain by an acid dragon (5 damage)
             ... on level 9 of the Dungeon.
             The game lasted 00:24:53 (12905 turns).

Inarius the Fighter (Demonspawn Hunter)            Turns: 12905, Time: 00:24:53

Health: 0/80       AC:  1    Str: 16    XL:     10   Next: 98%
Magic:  15/15      EV: 12    Int: 12    God:    Yredelemnul [***...]
Gold:   440        SH:  9    Dex: 14    Spells: 9/9 levels left

rFire    . . .     SeeInvis .   H - +3 long sword
rCold    . . .     Gourm    .   r - +0 shield
rNeg     . . .     Faith    .   y - +0 swamp dragon scales
rPois    +         Spirit   .   m - +1 helmet
rElec    .         Reflect  .   b - +0 cloak
rCorr    .         Harm     .   B - +0 pair of gloves
MR       .....                  N - +0 pair of boots
Stlth    +++++.....             O - amulet of rage
HPRegen  0.23/turn              x - ring of stealth
MPRegen  0.14/turn              M - ring of stealth

@: corroded
A: hooves 1, foul stench 2, nightstalker 1, rot immunity, sturdy frame 2
a: Recall Undead Slaves, Injury Mirror, Animate Dead, Renounce Religion, Evoke
Berserk Rage


You were on level 9 of the Dungeon.
You worshipped Yredelemnul.
Yredelemnul was most pleased with you.
You were not hungry.

You visited 1 branch of the dungeon, and saw 9 of its levels.

You collected 440 gold pieces.

Inventory:

Hand Weapons
 E - the +9 falchion of Valiance {protect, Int+3}
   (You took it off a tengu warrior on level 9 of the Dungeon)

   It grants its wielder temporary protection when it strikes (+7 to AC).
   It affects your intelligence (+3).
 H - a +3 long sword (weapon)
Missiles
 l - 12 javelins
 z - 6 boomerangs (quivered)
 D - 2 throwing nets
 G - 4 silver boomerangs
Armour
 b - a +0 cloak (worn)
 m - a +1 helmet (worn)
 n - a +0 chain mail
 r - a +0 shield (worn)
 y - +0 swamp dragon scales (worn)
 B - a +0 pair of gloves (worn)
 C - a +3 leather armour of poison resistance
 L - a +1 chain mail of fire resistance
 N - a +0 pair of boots (worn)
Jewellery
 e - a +2 ring of protection
 t - an uncursed ring of protection from cold
 x - a ring of stealth (left hand)
 M - a ring of stealth (right hand)
 O - an amulet of rage (around neck)
Wands
 d - a wand of flame (16)
 A - a wand of polymorph (15)
 K - a wand of clouds (2)
Scrolls
 a - a scroll of blinking
 g - 3 scrolls of remove curse
 i - 4 scrolls of enchant armour
 j - 2 scrolls of fear
 p - 3 scrolls of teleportation
 q - 2 scrolls of fog
 F - 3 scrolls of enchant weapon {unknown}
 J - a scroll of amnesia {unknown}
 P - a scroll of identify
Potions
 c - a potion of agility
 h - a potion of degeneration {unknown}
 k - a potion of haste {unknown}
 o - 2 potions of curing
 s - 3 potions of mutation
 v - 2 potions of flight
 w - 2 potions of resistance
 I - a potion of brilliance
Comestibles
 f - 17 rations


   Skills:
 + Level 8.2 Fighting
   Level 1.0(4.0) Short Blades
 * Level 6.2(6.3) Long Blades
   Level 5.2 Axes
   Level 1.1(4.6) Maces & Flails
   Level 4.6(4.7) Staves
 + Level 3.6 Throwing
 + Level 3.6 Armour
 + Level 5.3 Dodging
 + Level 1.2 Stealth
 + Level 4.0 Shields
 * Level 7.6 Invocations
 + Level 1.1 Evocations


You had 9 spell levels left.
You didn't know any spells.
Your spell library contained the following spells:

 Spells                   Type           Power        Failure   Level  Hunger
 Shock                    Conj/Air       #...         83%         1    ##.....
 Swiftness                Chrm/Air       #.......     92%         2    ###....
 Static Discharge         Conj/Air       #.......     99%         3    ####...
 Airstrike                Air            #.........   100%        4    #####..
 Lightning Bolt           Conj/Air       #.........   100%        5    ######.


Dungeon Overview and Level Annotations

Branches:
Dungeon (9/15)             Temple (0/1) D:7            Lair (0/6) D:9
    Orc: D:9-12

Altars:
Ashenzari
Elyvilon
Gozag
Okawaru
Sif Muna
Uskayaw
Wu Jian
Xom
Yredelemnul
The Shining One

Shops:
D:6 }   D:7 }=   D:9 :

Annotations:
D:4 3 runed translucent doors, Kuinu's ghost, novice MiBe; Robin


Innate Abilities, Weirdness & Mutations

You have large cloven feet.
You frequently emit foul miasma when damaged in melee.
You are slightly more attuned to the shadows.
You are immune to rotting.
Your movements are less encumbered by armour. (ER -4)


Message History

The splash of acid hits you!
* * * LOW HITPOINT WARNING * * *
The acid corrodes you!
You are splashed with acid!
* * * LOW HITPOINT WARNING * * *
Unknown command.
Your shield prevents you from hitting the acid dragon.
The acid dragon is severely wounded.
The acid dragon closely misses you. You block the acid dragon's attack.
Unknown command.
Unknown command.
Unknown command.
Evoke which item? (* to show all) (? for menu, Esc to quit)
Aiming: Cloud Cone
Press: ? - help, Dir - move target cursor, f - acid dragon
Aim: an acid dragon (severely wounded, sick, catching its breath)
You create a blast of noxious fumes!
The acid dragon bites you!
* * * LOW HITPOINT WARNING * * *
The acid dragon claws you.
You die...
Your body rises from the dead as a mindless zombie.

..#.... ###.##..###♣....♣.PP#
..##..# #..#..# .P.♣.♣.P.# ..#
### .##.##. ♣...P..# ..# #.# #
....P♣.# ..# ########.####
####.##### ..#
..##.......###.#.#.#.## ..#
#.#...###...#.........#
..#########.#....$##..##.#.#.#.##
..#.#.#.#†#.#.#$@§$##.#.........#
.........†....#$§D§§#..#.#.#.#.#.
..#.#.#.#.#.#.##.§§§###.........#
..#.#########..##§§§§###.#.#.#.##
.)#.# #...###§§##.........# ..#..
##....######.#.#.#.## ..#####.
#####.#########.##### ........
.................. ..>####
#.######..####


You could see an acid dragon.

Vanquished Creatures
  A tengu warrior (D:9)
  An unseen horror (D:9)
  Maurice (D:8)
  An efreet (D:9)
  2 slime creatures
  A hippogriff (D:9)
  A spriggan (D:7)
  Eustachio (D:6)
  A shadow (D:9)
  An acid dragon (D:8)
  Duvessa (D:6)
  A water moccasin (D:9)
  2 black bears (D:7)
  3 ice beasts
  2 sky beasts
  An orc warrior (D:7)
  7 ogres
  2 phantoms
  3 centaurs
  2 big kobolds
  8 bullfrogs
  Dowan (D:6)
  2 scorpions
  5 killer bees (D:9)
  4 wights
  3 howler monkeys
  An electric eel (D:8)
  4 crimson imps
  2 hounds (D:4)
  2 jellies
  2 bullfrog skeletons
  A gnoll shaman (D:6)
  4 orc priests
  5 orc wizards
  Terence (D:2)
  Crazy Yiuf (D:2)
  Natasha (thrice) (D:2)
  3 iguanas
  13 worker ants
  4 worker ant zombies
  9 gnolls
  11 adders
  5 shadow imps
  2 adder skeletons
  6 worms
  A dart slug (D:2)
  4 leopard geckos
  35 orcs
  8 giant cockroaches
  12 hobgoblins
  16 jackals
  3 quokkas
  4 ball pythons
  6 bats
  4 frilled lizards
  15 goblins
  A jackal skeleton (D:7)
  2 jackal zombies
  20 kobolds
  2 leopard gecko skeletons
  A quokka zombie (D:6)
  17 rats
  A plant (D:8)
289 creatures vanquished.

Vanquished Creatures (collateral kills)
  2 wights (D:7)
2 creatures vanquished.

Vanquished Creatures (others)
  A gnoll skeleton (D:7)
  2 plants (D:9)
3 creatures vanquished.

Grand Total: 294 creatures vanquished

Notes
Turn   | Place    | Note
-------+----------+-------------------------------------------
     0 | D:1      | Inarius the Demonspawn Hunter began the quest for the Orb.
     0 | D:1      | Reached XP level 1. HP: 16/16 MP: 1/1
   400 | D:1      | Gained mutation: Your movements are slightly less
                  | encumbered by armour. (ER -2) [demonic ancestry]
   400 | D:1      | Reached XP level 2. HP: 23/23 MP: 2/2
   738 | D:1      | Found a shattered altar of Ashenzari.
  1247 | D:1      | Reached skill level 1 in Short Blades
  1247 | D:1      | Gained mutation: You are immune to rotting. [demonic
                  | ancestry]
  1247 | D:1      | Reached XP level 3. HP: 25/28 MP: 3/3
  1590 | D:2      | Reached skill level 3 in Fighting
  2244 | D:2      | Found an ornate altar of the Wu Jian Council.
  2246 | D:2      | Found a basalt altar of Yredelemnul.
  2252 | D:2      | Reached XP level 4. HP: 35/35 MP: 4/4
  2335 | D:2      | Found a glowing golden altar of the Shining One.
  2384 | D:2      | Noticed Terence
  2394 | D:2      | Killed Terence
  2610 | D:2      | Noticed Natasha
  2614 | D:2      | Killed Natasha
  2614 | D:2      | Reached skill level 4 in Fighting
  2614 | D:2      | Gained mutation: You may emit foul miasma when damaged in
                  | melee. [demonic ancestry]
  2614 | D:2      | Reached XP level 5. HP: 30/42 MP: 5/5
  2721 | D:2      | Noticed Natasha
  2731 | D:2      | Killed Natasha
  3001 | D:2      | Found a runed translucent door.
  3002 | D:2      | Noticed Crazy Yiuf
  3085 | D:2      | Noticed Natasha
  3091 | D:2      | Killed Natasha
  3182 | D:2      | Killed Crazy Yiuf
  3182 | D:2      | Reached skill level 1 in Armour
  3555 | D:3      | Reached skill level 1 in Maces & Flails
  3555 | D:3      | Reached XP level 6. HP: 37/50 MP: 6/6
  3658 | D:3      | Found a deep blue altar of Sif Muna.
  3670 | D:3      | Reached skill level 5 in Fighting
  4122 | D:3      | Reached skill level 1 in Staves
  4220 | D:3      | You fall into a shaft and drop 3 floors!
  4335 | D:6      | Gained mutation: Your movements are less encumbered by
                  | armour. (ER -4) [demonic ancestry]
  4335 | D:6      | Reached XP level 7. HP: 30/56 MP: 7/7
  4673 | D:5      | Entered Level 5 of the Dungeon
  5814 | D:4      | Found a white marble altar of Elyvilon.
  5852 | D:4      | Noticed Robin
  5884 | D:4      | Noticed Robin
  5884 | D:4      | Robin changed into Robin the glowing shapeshifter
  5884 | D:4      | Noticed Robin
  5884 | D:4      | Robin the glowing shapeshifter changed into Robin the
                  | manticore
  5885 | D:4      | Noticed Robin
  5885 | D:4      | Robin the manticore changed into Robin the torpor snail
  5888 | D:4      | Noticed Robin
  5888 | D:4      | Robin the torpor snail changed into Robin the mana viper
  5893 | D:4      | Noticed Robin
  5893 | D:4      | Robin the mana viper changed into Robin the elephant
  6010 | D:4      | Found a runed translucent gate.
  6010 | D:4      | Found a runed translucent gate.
  6010 | D:4      | Found a runed translucent gate.
  6047 | D:4      | Noticed Kuinu's ghost (novice MiBe)
  6216 | D:5      | Found an opulent altar of Gozag.
  6325 | D:5      | Reached skill level 6 in Fighting
  6404 | D:2      | Became a worshipper of Yredelemnul the Dark
  6549 | D:5      | Gained mutation: You have large cloven feet. [demonic
                  | ancestry]
  6549 | D:5      | Reached XP level 8. HP: 59/64 MP: 8/8
  6777 | D:5      | HP: 3/64 [ogre/+0 giant club (20)]
  6796 | D:5      | Reached skill level 1 in Invocations
  7318 | D:6      | Reached skill level 1 in Axes
  7508 | D:6      | Found Huijesum's Gadget Shop.
  7508 | D:6      | Noticed Duvessa
  7508 | D:6      | Noticed Dowan
  7574 | D:6      | Killed Dowan
  7577 | D:6      | Killed Duvessa
  7782 | D:6      | Reached * piety under Yredelemnul
  7840 | D:6      | Noticed Eustachio
  7855 | D:6      | Killed Eustachio
  7875 | D:6      | Reached skill level 1 in Shields
  7875 | D:6      | Gained mutation: You frequently emit foul miasma when
                  | damaged in melee. [demonic ancestry]
  7875 | D:6      | Reached XP level 9. HP: 53/71 MP: 11/11
  8023 | D:7      | Reached skill level 7 in Fighting
  8203 | D:7      | Found a staircase to the Ecumenical Temple.
  8322 | D:7      | Reached skill level 5 in Invocations
  8630 | D:7      | Reached skill level 5 in Axes
  8718 | D:7      | Found Macvir's Gadget Boutique.
  8753 | D:7      | Found Quilek's Jewellery Shop.
  8931 | D:7      | Found a hide-covered altar of Uskayaw.
  9180 | D:7      | Reached skill level 1 in Long Blades
  9693 | D:8      | Noticed Maurice
  9699 | D:8      | Killed Maurice
 10187 | D:8      | Gained mutation: You are slightly more attuned to the
                  | shadows. [demonic ancestry]
 10187 | D:8      | Reached XP level 10. HP: 34/79 MP: 14/14
 10713 | D:8      | Reached ** piety under Yredelemnul
 11516 | D:9      | Reached skill level 5 in Dodging
 11558 | D:9      | Found a shimmering altar of Xom.
 11558 | D:9      | Found an iron altar of Okawaru.
 11638 | D:9      | Found a staircase to the Lair.
 11667 | D:9      | Reached skill level 8 in Fighting
 11667 | D:9      | Reached skill level 1 in Stealth
 12107 | D:9      | Found Wueffaig's Book Boutique.
 12166 | D:9      | Identified the +9 falchion of Valiance {protect, Int+3}
 12166 | D:9      | Noticed a tengu warrior
 12176 | D:9      | Killed a tengu warrior
 12176 | D:9      | Reached skill level 5 in Long Blades
 12182 | D:9      | Reached *** piety under Yredelemnul
 12256 | D:9      | Reached skill level 1 in Evocations
 12604 | D:9      | Killed an unseen horror
 12905 | D:9      | Slain by an acid dragon

Levels and vault maps discovered:
D:1:      dpeg_arrival_subterranean_lakeside_camping, layout_basic,
          hangedman_decor_push, evilmike_ruin_ashenzari
D:2:      layout_basic, grunt_temple_overflow_open, uniq_terence, uniq_natasha,
          uniq_crazy_yiuf_cottage
D:3:      layout_loops_corners, led_sif_pool
D:4:      layout_basic, kennysheep_mini_moat, gammafunk_ghost_icy, uniq_robin
D:5:      layout_rooms, first_ration, nicolae_gozag_seed_capital
D:6:      layout_basic, serial_shops, shop, kennysheep_generic_room_16,
          uniq_eustachio, uniq_duvessa
D:7:      layout_cave_pods, minmay_temple_entry_trees, serial_shops, shop,
          shop_statue, basic_altar, the_bakery
D:8:      layout_basic, serial_bayou_lagoon_a, nzn_random_ring, uniq_maurice
D:9:      minmay_the_grid_3x3 [minmay_the_grid_outer_circle,
          minmay_the_grid_zigzags, minmay_the_grid_stretched_grid,
          minmay_the_grid_fan, minmay_the_grid_garden, minmay_the_grid_slots,
          minmay_the_grid_dragon_a, minmay_the_grid_minigrid_small_alt,
          minmay_the_grid_prize_trominoes], layout_basic,
          gammafunk_temple_overflow_statue, dpeg_oklobed_lair, serial_shops,
          shop_statue

Skill      XL: |  1  2  3  4  5  6  7  8  9 10 |
---------------+-------------------------------+-----
Dodging        | 2 3 4 5 |  5.3
Short Blades   | 1 |  1.0
Fighting       | 3 4 5 6 7 8 |  8.2
Armour         | 1 2 3 |  3.6
Maces & Flails | 1 |  1.1
Staves         | 2 4 |  4.6
Invocations    | 3 6 7 |  7.6
Axes           | 3 5 |  5.2
Shields        | 1 2 4 |  4.0
Long Blades    | 2 6 |  6.2
Stealth        | 1 |  1.2
Evocations     | 1 |  1.1
Throwing       | |  3.6

Action                   |  1- 3 |  4- 6 |  7- 9 | 10-12 || total
-------------------------+-------+-------+-------+-------++-------
Melee: Short sword       |   161 |    32 |       |       ||   193
       Mace              |       |    37 |       |       ||    37
       Quarterstaff      |       |   101 |   164 |       ||   265
       War axe           |       |       |   160 |       ||   160
       Kick              |       |       |    85 |    45 ||   130
       Unarmed           |       |       |     1 |       ||     1
       Long sword        |       |       |    66 |   254 ||   320
Throw: Javelin           |     4 |     7 |     6 |    14 ||    31
       Throwing net      |       |     2 |       |       ||     2
       Boomerang         |       |       |     4 |    12 ||    16
Invok: Animate Remains   |       |       |     1 |       ||     1
Evoke: Wand              |       |     2 |     9 |     8 ||    19
  Use: Scroll            |       |       |     4 |     9 ||    13
       Potion            |       |       |     2 |       ||     2
 Stab: Sleeping          |     5 |       |     1 |     5 ||    11
       Paralysed         |       |     1 |     2 |       ||     3
       Confused          |       |     1 |     1 |       ||     2
       Distracted        |       |       |       |     2 ||     2
  Eat: Chunk             |     4 |     7 |    20 |     9 ||    40
Armor: Leather armour    |    33 |    10 |       |       ||    43
       Chain mail        |       |    57 |   153 |       ||   210
       Swamp dragon scal |       |       |    97 |   139 ||   236
Dodge: Dodged            |    93 |    91 |   213 |   144 ||   541
Block: Shield            |       |       |   104 |   132 ||   236
       Rpst.: Long sword |       |       |     2 |    36 ||    38

Table legend:
 A = Non-vault XP
 B = Vault XP
 C = Vault XP percentage of total XP
 D = Non-vault monster count
 E = Vault monster count
 F = Vault count percentage of total count
                 A         B        C        D         E       F
            +---------+---------+-------+---------+---------+-------
      Total |    5063 |    5833 |  53.5 |     230 |      60 |  20.7
            +---------+---------+-------+---------+---------+-------
        D:1 |      36 |       7 |  16.3 |      26 |       6 |  18.8
        D:2 |     176 |     106 |  37.6 |      35 |       3 |   7.9
        D:3 |     217 |       0 |   0.0 |      34 |       0 |   0.0
        D:4 |     471 |      21 |   4.3 |      26 |      11 |  29.7
        D:5 |     426 |       0 |   0.0 |      16 |       0 |   0.0
        D:6 |     753 |     612 |  44.8 |      27 |       5 |  15.6
        D:7 |    1639 |     220 |  11.8 |      33 |       1 |   2.9
        D:8 |     280 |    1730 |  86.1 |      10 |      19 |  65.5
        D:9 |    1065 |    3137 |  74.7 |      23 |      15 |  39.5
            +---------+---------+-------+---------+---------+-------
